 Dungeon Crawl Stone Soup version 0.31-a0-161-gb58dd9be76 (webtiles) character file.

Game seed: 17760437311620817360

2212 Maxmaps the Martial Artist (level 9, -1/54 (63) HPs)
             Began as a Demonspawn Monk on June 13, 2023.
             Was an Initiate of Gozag.
             Slain by a wight
             ... wielding a +3 long sword of freezing
              (9 damage)
             ... on level 7 of the Dungeon.
             The game lasted 00:08:02 (6434 turns).

Maxmaps the Martial Artist (Demonspawn Monk)        Turns: 6434, Time: 00:08:02

HP:   -1/54 (63)    AC:  8    Str: 11    XL:     9   Next: 13%
MP:   0/9           EV: 13    Int: 22    God:    Gozag
Gold: 1527          SH:  4    Dex: 24    Spells: 8/8 levels left

rFire   . .          .
                       - Unarmed
rCold   . . .        (no shield)
rNeg    . . .        y - +0 leather armour
rPois   +            (no helmet)
rElec   +            (no cloak)
rCorr   .            (no gloves)
SInv    .            i - +0 pair of boots
Will    .....        f - amulet of guardian spirit
Stlth   +++          r - +6 ring of intelligence
HPRegen 0.29/turn    t - ring "Jarchiut" {rElec rPois Dex+6}
MPRegen 0.11/turn

%: guardian spirit
@: studying 2 skills, heavily drained
A: claws 1, thin skeletal structure 1, demonic guardian 2, icemail 1,
condensation shield
a: Renounce Religion, Potion Petition, Call Merchant, Bribe Branch


You were on level 7 of the Dungeon.
You worshipped Gozag.
Gozag was most pleased with you.
You visited 2 branches of the dungeon, and saw 8 of its levels.

You collected 1527 gold pieces.

Inventory:

Armour
 a - a +0 robe
 c - an orb of light
 i - a +0 pair of boots (worn)
 y - a +0 leather armour (worn)
Jewellery
 d - a ring of fire
 f - an amulet of guardian spirit (around neck)
 o - a ring of poison resistance
 r - a +6 ring of intelligence (left claw)
 t - the ring "Jarchiut" (right claw) {rElec rPois Dex+6}
   (You acquired it on level 6 of the Dungeon)

   [ring of dexterity]

   Dex:       It affects your dexterity (+6).
   rElec:     It insulates you from electricity.
   rPois:     It protects you from poison.
 A - a ring of magical power
Wands
 w - a wand of paralysis (8)
 x - a wand of digging (6)
 C - a wand of flame (19)
 D - a wand of polymorph (10)
 E - a wand of quicksilver (8)
Scrolls
 h - 2 scrolls of revelation
 j - 3 scrolls of vulnerability
 k - 4 scrolls of immolation
 n - 2 scrolls of fear
 p - a scroll of fog
 u - a scroll of teleportation
 B - a scroll of poison
Potions
 b - a potion of ambrosia
 e - 2 potions of mutation
 g - a potion of curing
 l - a potion of lignification {unknown}
 m - 2 potions of magic {unknown}
 q - a potion of attraction {unknown}
 s - a potion of invisibility {unknown}
 v - 2 potions of enlightenment {unknown}
 z - a potion of berserk rage


   Skills:
 - Level 3.0 Fighting
 - Level 2.6 Dodging
 - Level 10.3 Unarmed Combat
 + Level 7.7 Evocations


You had 8 spell levels left.
You didn't know any spells.
Your spell library contained the following spells:

 Spells                   Type           Power      Damage    Failure   Level
 Ensorcelled Hibernation  Hex/Ice        0%         N/A       32%         2
 Lesser Beckoning         Tloc           0%         N/A       32%         2
 Gell's Gravitas          Tloc           0%         N/A       54%         3
 Spider Form              Tmut/Pois      0%         N/A       54%         3
 Teleport Other           Tloc           0%         N/A       54%         3
 Anguish                  Hex/Necr       0%         N/A       91%         4


Dungeon Overview and Level Annotations

Branches:
Dungeon (7/15)             Temple (1/1) D:6

Altars:
Ashenzari
Cheibriados
Dithmenos
Fedhas
Gozag
Hepliaklqana
Kikubaaqudgha
Makhleb
Nemelex Xobeh
Okawaru
Qazlal
Ru
Trog
Vehumet
Xom

Shops:
D:5 *   D:6 (

Annotations:
D:6 2 transporters


Innate Abilities, Weirdness & Mutations

You have sharp fingernails.
You have a somewhat thin skeletal structure. (Dex +2, Stealth+)
A demonic guardian rushes to your aid.
A meltable icy envelope protects you from harm. (AC +4)
A meltable shield of frost defends you. (SH +4)


Message History

You are too injured to fight recklessly!
You are too injured to fight recklessly!
You are too injured to fight recklessly!
You are too injured to fight recklessly!
You are too injured to fight recklessly!
You are too injured to fight recklessly!
You are too injured to fight recklessly!
You are too injured to fight recklessly!
You are too injured to fight recklessly!
You are too injured to fight recklessly!
You are too injured to fight recklessly!
Unknown command.
The wight attacks as you move away! The wight closely misses you.
The wight closely misses you.
The wight hits you from afar with a +0 halberd.
You feel drained. The wight attacks as you move away!
The wight closely misses you.
There is an open door here.
The wight attacks as you move away! You block the wight's attack.
You scratch the wight.
The wight is moderately damaged.
The wight hits you with a +3 long sword of freezing!
You feel drained. The wight freezes you. You block the wight's attack.
You scratch the wight.
The wight is heavily damaged.
The wight hits you with a +3 long sword of freezing.
You feel drained. The wight freezes you. The wight misses you.
The wight closely misses you.
You scratch the wight but do no damage. You claw the wight, but do no damage.
The wight is heavily damaged.
The wight closely misses you. x3
The wight attacks as you move away!
The wight hits you with a +3 long sword of freezing!
* * * LOW HITPOINT WARNING * * *
The wight freezes you.
* * * LOW HITPOINT WARNING * * *
The wight attacks as you move away!
The wight hits you with a +3 long sword of freezing!
You die...
Your body crumbles into a pile of gold.

.....[.#
#..#.#.....#
########
#....#.....#
###..####.####
#....# #.# #.####
#.# #...#####'##
##########........#
..#.....##........#
..#.###.##......@.#
..#.# #.##......z.#
..'.# #.........z.#
..###
##########z#### ###
#.....# #.....#
#.....# #.....#
#.....#


You could see 3 wights.

Vanquished Creatures
  Grinder (D:3)
  Sigmund (D:3)
  A steam dragon (D:4)
  An ice beast (D:5)
  A black bear (D:7)
  A sky beast (D:7)
  An ogre (D:6)
  A centaur (D:6)
  A kobold brigand (D:6)
  Blork the orc (D:6)
  2 scorpions
  7 wights (D:7)
  A jelly (D:6)
  2 orc priests
  A gnoll bouda (D:5)
  2 hounds
  3 iguanas
  3 sleepcaps
  2 orc wizards
  8 gnolls
  8 adders
  An ufetubus (D:5)
  3 worms
  A dart slug (D:3)
  6 orcs
  4 bats
  7 endoplasms
  5 giant cockroaches
  4 hobgoblins
  3 jackals (D:1)
  2 quokkas (D:4)
  7 ball pythons
  5 frilled lizards
  6 goblins
  8 kobolds
  12 rats
  A spectral hobgoblin (D:5)
124 creatures vanquished.

Vanquished Creatures (collateral kills)
  A wight (D:7)
  An orc (D:4)
  A giant cockroach (D:4)
3 creatures vanquished.

Grand Total: 127 creatures vanquished

Notes
Turn   | Place    | Note
-------+----------+-------------------------------------------
     0 | D:1      | Maxmaps the Demonspawn Monk began the quest for the Orb.
     0 | D:1      | Reached XP level 1. HP: 18/18 MP: 1/1
    40 | D:1      | Reached skill level 3 in Unarmed Combat
   105 | D:1      | Gained mutation: A meltable shield of frost defends you.
                  | (SH +4) [demonic ancestry]
   105 | D:1      | Reached XP level 2. HP: 24/24 MP: 2/2
   675 | D:1      | Gained mutation: You have sharp fingernails. [demonic
                  | ancestry]
   675 | D:1      | Reached XP level 3. HP: 6/29 MP: 0/3
   817 | D:2      | Reached skill level 4 in Unarmed Combat
  1533 | D:3      | Gained mutation: A weak demonic guardian rushes to your
                  | aid. [demonic ancestry]
  1533 | D:3      | Reached XP level 4. HP: 22/35 MP: 2/4
  1643 | D:3      | Reached skill level 5 in Unarmed Combat
  1809 | D:3      | Noticed Sigmund
  1817 | D:3      | Killed Sigmund
  1818 | D:3      | Reached skill level 6 in Unarmed Combat
  1818 | D:3      | Reached XP level 5. HP: 41/41 MP: 5/5
  1841 | D:3      | Gained mutation: You have a somewhat thin skeletal
                  | structure. (Dex +2, Stealth+) [demonic ancestry]
  1841 | D:3      | Reached XP level 6. HP: 47/47 MP: 6/6
  1934 | D:3      | Noticed Grinder
  1945 | D:3      | Paralysed by Grinder for 3 turns
  1953 | D:3      | Killed Grinder
  1954 | D:3      | Reached skill level 7 in Unarmed Combat
  2271 | D:4      | Noticed a steam dragon
  2282 | D:4      | Killed a steam dragon
  2283 | D:4      | Reached XP level 7. HP: 27/52 MP: 2/7
  2632 | D:4      | Reached skill level 8 in Unarmed Combat
  2963 | D:5      | Entered Level 5 of the Dungeon
  3114 | D:5      | Found a hazy altar of Hepliaklqana.
  3442 | D:5      | Found Sengua's Fire Supplies.
  3895 | D:5      | Noticed a moth of wrath
  3906 | D:5      | Reached skill level 9 in Unarmed Combat
  3906 | D:5      | Gained mutation: A demonic guardian rushes to your aid.
                  | [demonic ancestry]
  3906 | D:5      | Reached XP level 8. HP: 50/58 MP: 8/8
  3906 | D:5      | Found a bloodstained altar of Trog.
  4546 | D:6      | Noticed Blork the orc
  4553 | D:6      | Killed Blork the orc
  4587 | D:6      | Found a transporter.
  4749 | D:6      | Reached skill level 10 in Unarmed Combat
  4922 | D:6      | Found Tijimo Fulo's Antique Weapon Emporium.
  5009 | D:6      | Identified 3 scrolls of acquirement
  5009 | D:6      | Acquired a manual of Evocations
  5013 | D:6      | Acquired the ring "Jarchiut" {rElec rPois Dex+6}
  5014 | D:6      | Acquired 976 gold pieces
  5059 | D:6      | Found a staircase to the Ecumenical Temple.
  5075 | Temple   | Entered the Ecumenical Temple
  5280 | Temple   | Became a worshipper of Gozag Ym Sagoz the Greedy
  5423 | D:6      | Found a transporter.
  5789 | D:7      | Reached skill level 5 in Evocations
  5980 | D:7      | Gained mutation: A meltable icy envelope protects you from
                  | harm. (AC +4) [demonic ancestry]
  5980 | D:7      | Reached XP level 9. HP: 26/61 MP: 4/9
  6434 | D:7      | Slain by a wight

Illustrated notes

Levels and vault maps discovered:
D:1:      minmay_arrival_split_and_join, layout_rooms
D:2:      layout_basic, grunt_ministairs_12
D:3:      layout_rooms, uniq_grinder, uniq_sigmund
D:4:      layout_basic, minmay_manual_mail
D:5:      layout_cave_pods, tgw_trog, nicolae_hepliaklqana_monster_ancestors,
          abandoned_shop, nicolae_shop_fire_sale [nicolae_sub_dead_trees]
D:6:      gammafunk_cloud_chamber, layout_basic,
          minmay_temple_entry_glassed_door, serial_shops, shop,
          uniq_blork_the_orc
D:7:      layout_basic
Temple:   nicolae_temple_slightly_damp_pantheon

Skill      XL: |  1  2  3  4  5  6  7  8  9 |
---------------+----------------------------+-----
Unarmed Combat | 3 4 6 7 9 10 | 10.3
Evocations     | 6 7 |  7.7
Fighting       | |  3.0
Dodging        | |  2.6

Action                     |  1- 3 |  4- 6 |  7- 9 || total
---------------------------+-------+-------+-------++-------
  Melee: Unarmed           |   147 |    75 |   229 ||   451
         Punch             |       |       |     5 ||     5
    Use: Potion            |       |     3 |       ||     3
         Scroll            |       |       |    16 ||    16
   Stab: Sleeping          |       |     1 |     2 ||     3
         Distracted        |       |     1 |     1 ||     2
 Armour: Robe              |    23 |     9 |    13 ||    45
         Leather armour    |       |       |    14 ||    14
  Dodge: Dodged            |    84 |    38 |   108 ||   230
  Block: Orb               |    15 |    10 |    24 ||    49
         Other             |       |       |    16 ||    16

Table legend: (Time is in decaauts)
 A = Elapsed time spent in this place.
 B = Non-inter-level travel time spent in this place.
 C = Inter-level travel time spent in this place.
 D = Time resting spent in this place.
 E = Time spent auto-exploring this place.
 F = Levels seen in this place.
 G = Mean time per level.
                   A        B        C        D        E       F      G
               +--------+--------+--------+--------+--------+-----+--------+
         Total |   6373 |   6158 |    215 |    879 |   4274 |   8 |  796.6 |
       Dungeon |   6157 |   5969 |    188 |    879 |   4103 |   7 |  879.6 |
        Temple |    215 |    188 |     27 |      0 |    171 |   1 |  215.0 |
               +--------+--------+--------+--------+--------+-----+--------+

Top non-repeatable levels by time:
     D:5: 1266 daAuts
     D:6: 1042 daAuts
     D:7: 906 daAuts
     D:1: 802 daAuts
     D:4: 789 daAuts
     D:3: 729 daAuts
     D:2: 620 daAuts
  Temple: 215 daAuts
